Cogmind - Beta 10.1 @@@ ROGUE MODE // 2020.10.16 @ 20:13:09 Player: Cracklepappy Result: Destroyed by DAS Turret with DAS Cannon Performance ------------- Evolutions (0) 0 Regions Visited (3) 600 Robots Destroyed (37) 185 Value Destroyed (540) 540 Prototype IDs (29) 580 Alien Tech Used (0) 0 Bonus (300) 300 TOTAL SCORE: 2205 Bonus ------- Aligned with FarCom 300 Cogmind --------- Core Integrity 0/250 Matter 148/300 Energy 250/250 System Corruption 1% Temperature Cool (0) Movement Treading (180) Ox1 Location -10/Exiles Parts ------- > --- POWER (1) -------- Ion Engine > --- PROPULSION (2) --- Light Treads Light Treads > --- UTILITY (2) ------ High-capacity Storage Unit Medium Armor Plating > --- WEAPON (2) ------- 8R-AWN's Boregun Makeshift Sword > --- INVENTORY (12) --- Light Treads Light Treads High-capacity Storage Unit Medium Armor Plating Assault Rifle Light Assault Rifle Rocket Launcher Rocket Launcher Peak State ------------ > --- POWER ------------ Ion Engine > --- PROPULSION ------- Light Treads Light Treads > --- UTILITY ---------- Experimental Heat Sink High-capacity Storage Unit > --- WEAPON ----------- 8R-AWN's Boregun Makeshift Sword > --- INVENTORY -------- Light Treads Light Treads High-capacity Storage Unit Medium Armor Plating Assault Rifle Light Assault Rifle Rocket Launcher Rocket Launcher [Rating: 26] Favorites ----------- Power Ion Engine Engine Ion Engine Propulsion Light Treads Treads Light Treads Wheel Compact Wheel Utility High-capacity Storage Unit Device Decoy Drone Bay Storage High-capacity Storage Unit Protection Medium Armor Plating Weapon Assault Rifle Ballistic Gun Assault Rifle Launcher Rocket Launcher Slashing Weapon Makeshift Sword Build | -11 -10 -10 -10 ------- Run | Scr Mat Min Exi Slots Evolved . | . . . . Power . | . . . . Propulsion . | . . . . Utility . | . . . . Weapon . | . . . . Parts Attached 31 | 7 6 . 18 Power 2 | 1 . . 1 Engine 2 | 1 . . 1 Core . | . . . . Reactor . | . . . . Propulsion 5 | 2 1 . 2 Treads 4 | 1 1 . 2 Leg . | . . . . Wheel 1 | 1 . . . Hover . | . . . . Flight . | . . . . Utility 13 | 2 2 . 9 Device 3 | . . . 3 Storage 7 | 2 2 . 3 Processor . | . . . . Hackware . | . . . . Protection 3 | . . . 3 Artifact . | . . . . Weapon 11 | 2 3 . 6 Energy Gun . | . . . . Energy Cannon . | . . . . Ballistic Gun 5 | 2 2 . 1 Ballistic Cannon . | . . . . Launcher 4 | . 1 . 3 Special Weapon . | . . . . Impact Weapon . | . . . . Slashing Weapon 2 | . . . 2 Piercing Weapon . | . . . . Special Melee Weapon . | . . . . Unidentified Prototypes 4 | . . . 4 Parts Lost 5 | . 1 . 4 Power 1 | . . . 1 Propulsion 1 | . . . 1 Utility 1 | . . . 1 Weapon 2 | . 1 . 1 Highest Loss Streak 3 | . 1 . 3 Average Slot Usage (%) 99 | . 99 100 98 Engine 13 | . 14 14 13 Treads 19 | . 14 14 23 Wheel 8 | . 14 14 4 Storage 26 | . 28 28 26 Ballistic Gun 23 | . 24 28 21 Launcher 2 | . 3 . 3 Slashing Weapon 1 | . . . 2 Naked Turns . | . . . . Heaviest Build 77 | 16 75 73 77 Greatest Support 40 | 16 20 20 40 Greatest Overweight (x) 4 | 2 4 3 3 Average Overweight (x) 2 | . 2 3 1 Largest Inventory Capacity 20 | 8 20 20 20 Average Capacity 18 | 7 18 20 18 Most Carried 20 | 8 20 20 20 Average Carried 16 | 4 18 19 15 Final Capacity 20 | 8 20 20 12 Final Carried 20 | 8 20 20 8 Class Distribution -------------------- 85% | Hauler-Mutant 14% | Mutant Dominant Class ---------------- Hauler-Mutant | -10/Materials Hauler-Mutant | -10/Mines Hauler-Mutant | -10/Exiles Resources | -11 -10 -10 -10 ----------- Run | Scr Mat Min Exi Matter Collected 977 | 301 279 . 397 Remotely . | . . . . Salvage Created 735 | 94 511 . 130 Parts 48 | 8 37 . 3 Haulers Intercepted 1 | . 1 . . Recyclers Shooed . | . . . . Parts Field Recycled . | . . . . Retrieved Matter . | . . . . Parts Self-Destructed . | . . . . Prevented . | . . . . Kills | -11 -10 -10 -10 ------- Run | Scr Mat Min Exi Combat Hostiles Destroyed 25 | . 17 . 8 Melee 1 | . . . 1 Guns 7 | . 7 . . AOE 17 | . 10 . 7 Classes Destroyed 8 | 2 5 . 1 Builder 2 | . 2 . . Tunneler 4 | 2 2 . . Hauler 1 | . 1 . . Recycler 2 | 1 1 . . Watcher 3 | . 3 . . Swarmer 8 | . 8 . . Grunt 9 | . 9 . . Assembled 7 | . . . 7 Best Kill Streak 7 | 2 7 . 7 Combat Bots Only 7 | . 5 . 7 Max Kills in Single Turn 4 | 1 4 . 4 Gunslinging . | . . . . Exploded 4 | . 2 . 4 Melee 1 | . . . 1 Uniques/NPCs Destroyed 1 | . . . 1 8R-AWN (-10/Exiles) Combat | -11 -10 -10 -10 -------- Run | Scr Mat Min Exi Damage Taken 1421 | . 656 . 765 Core 255 | . 154 . 101 Absorbed by Shields . | . . . . Core Remaining (%) 100 | 100 . . . Volleys Fired 93 | 12 65 . 16 Largest 2 | 2 2 . 2 Hottest 66 | 40 40 . 66 Shots Fired 147 | 24 104 . 19 Gun 121 | 24 85 . 12 Cannon . | . . . . Launcher 26 | . 19 . 7 Special . | . . . . Kinetic 121 | 24 85 . 12 Thermal . | . . . . Explosive 26 | . 19 . 7 Electromagnetic . | . . . . Robot Hit Streak 11 | 5 11 . 3 Robot Miss Streak 4 | 2 3 . 4 Penetration Max . | . . . . Secondary Targets 2 | . 2 . . Max Gunslinging Chain 1 | . 1 . . Shots Hit Robots 118 | 14 66 . 38 Core Hits 68 | 6 44 . 18 Critical Hits 1 | . . . 1 Critical Kills . | . . . . Critical Parts Destroyed 1 | . . . 1 Melee Attacks 29 | . . . 29 Impact . | . . . . Slashing 29 | . . . 29 Piercing . | . . . . Sneak Attacks . | . . . . Combat Hostiles . | . . . . Follow-up Attacks 4 | . . . 4 Damage Inflicted 3748 | 173 1885 . 1690 Guns 808 | 173 627 . 8 Cannons . | . . . . Explosions 1737 | . 1258 . 479 Melee 1203 | . . . 1203 Ramming . | . . . . Kinetic 808 | 173 627 . 8 Thermal . | . . . . Explosive 1737 | . 1258 . 479 Electromagnetic . | . . . . Impact . | . . . . Slashing 1203 | . . . 1203 Piercing . | . . . . Highest Corruption 1 | . 1 1 1 Average Corruption 1 | . 1 1 1 Corruption Purged . | . . . . Effects 10 | . 3 1 6 Message Errors 3 | . 2 . 1 Energy Discharges 4 | . 1 1 2 Data Loss (minor) 2 | . . . 2 Targeting Errors 1 | . . . 1 Overload Shots . | . . . . Overflow Damage 122 | . 52 . 70 Projectiles . | . . . . Explosions 91 | . 52 . 39 Melee 31 | . . . 31 Knockbacks . | . . . . Impact . | . . . . Kinetic . | . . . . Secondary . | . . . . Self-Inflicted Damage 94 | . 94 . . Shots 3 | . 3 . . Rammed . | . . . . Targets Rammed . | . . . . Kicked . | . . . . Crushed . | . . . . Highest Temperature 18 | . 18 . 18 Average Temperature 8 | . 7 . 10 Received Heat Transfer 255 | . 255 . . Siege Activations . | . . . . Robots Corrupted . | . . . . Combat Hostiles . | . . . . Parts Fried . | . . . . Impact Corruptions . | . . . . Robots Melted . | . . . . Combat Hostiles . | . . . . Parts Melted . | . . . . Heat Transferred . | . . . . Parts Sabotaged . | . . . . Parts Stolen . | . . . . Parts Stripped . | . . . . Power Chain Reactions . | . . . . Missiles Intercepted . | . . . . Alert | -11 -10 -10 -10 ------- Run | Scr Mat Min Exi Peak Influence 392 | 15 392 118 . Initial 118 | . 9 118 . Average 143 | 6 198 76 . Maximum Alert Level 1 | . 1 . . Low Security (%) 69 | 100 48 100 . Level 1 30 | . 51 . . Level 2 . | . . . . Level 3 . | . . . . Level 4 . | . . . . Level 5 . | . . . . High Security . | . . . . Max Security . | . . . . Squads Dispatched 4 | . 4 . . Investigation 2 | . 2 . . Extermination . | . . . . Reinforcement 2 | . 2 . . Assault . | . . . . Garrison . | . . . . Intercept . | . . . . Construction Impeded . | . . . . Haulers Reinforced . | . . . . Stealth | -11 -10 -10 -10 --------- Run | Scr Mat Min Exi Distress Signals . | . . . . Communications Jammed . | . . . . Distress Signals . | . . . . Times Spotted 39 | . 25 . 14 Peak Tracking Total 9 | . 7 . 9 Tactical Retreats 4 | . 1 . 3 Traps | -11 -10 -10 -10 ------- Run | Scr Mat Min Exi Traps Triggered 1 | . 1 . . Indirectly . | . . . . Trap Hack Attempts . | . . . . Triggered . | . . . . Disarmed . | . . . . Reprogrammed . | . . . . Reused . | . . . . Traps Extracted . | . . . . Installed . | . . . . Triggered . | . . . . Machines | -11 -10 -10 -10 ---------- Run | Scr Mat Min Exi Machines Disabled 7 | . 4 . 3 Max in Single Turn 1 | . 1 . 1 Machines Sabotaged . | . . . . Garrisons Compromised . | . . . . Overloaded Fab Kills . | . . . . Fab Network Shutdowns . | . . . . Hacking | -11 -10 -10 -10 --------- Run | Scr Mat Min Exi Machines Accessed 9 | . 6 1 2 Terminals 4 | . 4 . . Fabricators . | . . . . Repair Stations . | . . . . Recycling Units 2 | . 2 . . Scanalyzers . | . . . . Garrison Access . | . . . . Total Hacks 18 | . 15 1 2 Successful 9 | . 6 1 2 Failed 9 | . 9 . . Catastrophic 1 | . 1 . . Database Lockouts . | . . . . Manual 7 | . 6 . 1 Terminals 11 | . 11 . . Fabricators . | . . . . Repair Stations . | . . . . Recycling Units 4 | . 4 . . Scanalyzers . | . . . . Garrison Access . | . . . . Terminal Hacks 8 | . 5 1 2 Record 1 | . . . 1 Prototype ID Bank 1 | . 1 . . Open Door 1 | . . 1 . Locate Traps 2 | . 2 . . Hauler Manifests 1 | . 1 . . Registered Prototypes 1 | . 1 . . EX-Prototype ID Bank 1 | . . . 1 Fabricator Hacks . | . . . . Repair Station Hacks . | . . . . Recycling Unit Hacks . | . . . . Scanalyzer . | . . . . Garrison Access Hacks . | . . . . Unauthorized Hacks 1 | . 1 . . Terminals . | . . . . Fabricators . | . . . . Repair Stations . | . . . . Recycling Units 1 | . 1 . . Tunnel 1 | . 1 . . Scanalyzers . | . . . . Garrison Access . | . . . . Data Cores Recovered . | . . . . Used . | . . . . Hacking Detections 5 | . 5 . . Full Trace Events 1 | . 1 . . Feedback Events . | . . . . Feedback Blocked . | . . . . Robot Schematics Acquired . | . . . . Robots Built . | . . . . Matter . | . . . . Time . | . . . . Total Robot Build Rating . | . . . . Part Schematics Acquired . | . . . . Parts Built . | . . . . Matter . | . . . . Time . | . . . . Total Part Build Rating . | . . . . Parts Repaired . | . . . . Time . | . . . . Parts Recycled . | . . . . Recycled Matter . | . . . . Retrieved Matter . | . . . . Retrieved Components . | . . . . Parts Scanalyzed . | . . . . Part Schematics Acquired . | . . . . Parts Damaged . | . . . . Bothacking | -11 -10 -10 -10 ------------ Run | Scr Mat Min Exi Used RIF Installer . | . . . . Robots Hacked . | . . . . Non-combat . | . . . . Combat . | . . . . Robot Hacks Applied . | . . . . Relay Couplers Released . | . . . . Robots Rewired . | . . . . Allies Hacked . | . . . . Hacks Repelled . | . . . . Allies | -11 -10 -10 -10 -------- Run | Scr Mat Min Exi Total Allies . | . . . . Largest Group . | . . . . Highest-Rated Group . | . . . . Highest-Rated Ally . | . . . . Total Orders 1 | . . . 1 RETURN 1 | . . . 1 Ally Attacks . | . . . . Total Damage . | . . . . Kills . | . . . . Allies Corrupted . | . . . . Allies Melted . | . . . . Intel | -11 -10 -10 -10 ------- Run | Scr Mat Min Exi Robot Analysis Total . | . . . . Derelict Logs Recovered 2 | . . 2 . Drone Launches 1 | . . . 1 Drone Recoveries 1 | . . . 1 Exploration | -11 -10 -10 -10 ------------- Run | Scr Mat Min Exi Turns Passed 3868 | 127 1072 617 2052 Spaces Moved 1875 | 75 526 278 996 Core 6 | 6 . . . Treads 1461 | . 187 278 996 Legs . | . . . . Wheels 408 | 69 339 . . Hover . | . . . . Flight . | . . . . Fastest Speed 50 | 50 100 220 160 Average Speed 182 | 100 161 220 189 Slowest Speed 220 | 150 220 220 220 Overloaded Moves . | . . . . Propulsion Burnouts . | . . . . Robots Hopped . | . . . . Cave-ins Triggered . | . . . . Exploration Rate (%) 55 | 3 93 55 72 Regions Visited 3 Branch Regions 2 Pre-discovered Areas 2 | . 1 . 1 Known Exits Taken . | . . . . Unknown Exits Taken 3 | 1 1 1 . Scrap Searched . | . . . . Spaces Dug 30 | . 30 . . Terrain Destroyed 170 | . 132 . 38 Melee . | . . . . Projectile 5 | . . . 5 AOE 165 | . 132 . 33 Terrain Rammed . | . . . . Walls Destroyed . | . . . . Machines Disabled . | . . . . Actions | -11 -10 -10 -10 --------- Run | Scr Mat Min Exi Total 2157 | 101 656 286 1114 Wait 47 | . 20 4 23 Move 1872 | 74 525 277 996 Hop . | . . . . Pick Up 55 | 8 25 2 20 Fast Attach 14 | 7 . . 7 Attach 7 | . 1 . 6 Detach . | . . . . Swap 10 | . 5 . 5 Drop 34 | . 15 3 16 Fire 93 | 12 65 . 16 Melee 25 | . . . 25 Ram . | . . . . Kick . | . . . . Crush . | . . . . Escape Stasis . | . . . . Rewire . | . . . . Trap . | . . . . Miscellaneous . | . . . . Route ------- -11/Scrapyard -10/Materials (discovered 4 exits: [*Mat x3] / *Min) -10/Mines -10/Exiles (discovered 1 exit: [*Min]) History --------- Turn | Location | Event 24 | -11/Scrapyard | Discovered new exit (range 15) 128 | -11/Scrapyard | Entered Materials 218 | -10/Materials | Discovered new exit (range 11) 489 | -10/Materials | Discovered new exit (range 16) 527 | -10/Materials | Build established: Hauler-Mutant 632 | -10/Materials | Discovered new exit (range 13) 697 | -10/Materials | Core integrity fell below 50% 733 | -10/Materials | Discovered new exit (range 15) 1200 | -10/Materials | Entered Mines 1257 | -10/Mines | Learned 8 Materials zone layouts 1288 | -10/Mines | A weapon hastily lodged in a ceiling crevice suddenly fell to the ground 1342 | -10/Mines | Learned location of 1 exit from Materials 1390 | -10/Mines | Found the Drone Emporium 1398 | -10/Mines | Found Prototype Device 1809 | -10/Mines | Deemed a non-threat by the Exiles lab entrance 1809 | -10/Mines | Discovered new exit (range 5) 1817 | -10/Mines | Entered Exiles 1870 | -10/Exiles | Met 8R-AWN 1910 | -10/Exiles | Met EX-HEX 2035 | -10/Exiles | Met EX-BIN 2086 | -10/Exiles | Met EX-DEC 2101 | -10/Exiles | Learned location of Zion (-6) 2286 | -10/Exiles | Discovered new exit (range 14) 2326 | -10/Exiles | Identified Decoy Drone Bay 2711 | -10/Exiles | Aligned with FarCom system 2713 | -10/Exiles | Given EX-Vault access code 2756 | -10/Exiles | Opened EX-Vault 2767 | -10/Exiles | Found Longsword +1 2807 | -10/Exiles | Warned to stay clear of 0b10 Research branches 3570 | -10/Exiles | Attacked by the Exiles 3625 | -10/Exiles | Destroyed 7 combat bots 3698 | -10/Exiles | Core integrity fell below 20% 3711 | -10/Exiles | Destroyed 8R-AWN 3724 | -10/Exiles | Lost 3 parts (1p1n1u) 3752 | -10/Exiles | Found Prototype Ballistic Gun 3752 | -10/Exiles | Identified 8R-AWN's Boregun 3869 | -10/Exiles | Destroyed by DAS Turret with DAS Cannon Last Messages --------------- 03710_ Penetrated by HV Slug. 03711_ 8R-AWN destroyed. 03715_ Acquired 117 matter. 03731_ Dropped Longsword +1. 03752_ Acquired Prototype Ballistic Gun. 03752_ Identified 8R-AWN's Boregun. 03759_ Dropped Med. Armor Plating. 03759_ Acquired Prototype Device. 03759_ Identified Gravity Neutralizing Apparatus. 03761_ Dropped Gravity Neutralizing Apparatus. 03765_ Acquired Prototype Device. 03765_ Identified Exp. Heat Sink. 03766_ Dropped Exp. Heat Sink. 03770_ Acquired Med. Armor Plating. 03820_ HV Slug penetrates Wall. 03834_ HV Slug penetrates Machine. 03864_ HV Slug penetrates Wall. 03866_ HV Slug penetrates Machine. 03868_ HV Slug penetrates Wall. 03868_ HV Slug penetrates DAS Turret. Map ----- +----------------------------------------------------+ | ###?????????????????????????????????????#""""""## | | #?????????????????????????????????????##"###### | | #?????????????????????????????????????? ??????# | | #?????????????????????????????????????""???????# | | ##????????????????????????????????????????????## | | #????????????#######?????????????????????????#" | | #######??????#!!! "#?????????????????????????#" | | #""##?????# "#?????????????????????????#" | | #?????# "#?????????????????????????#" | | / ##???## ""#??????????########???????#" | | #####" ""#??????????# """#???????#" | | # ##" ""#??????????#"" """#???????## | | ## #"" ###??????????#"" #????????# | | ?#"## #????????????#"" #????????#" | | ?####### ######???????#"" "#????????#" | | ???????### #???????# ""#????????#" | | ?########" ! ######??????#"" ""#???????##" | | ?# !!"""""=[ # ####????### ###??????##"" | | ?#! !! ! #; # ##???### ###?######"" | | ?#! # #####X# #"###""""""" | | ?#! #"# """""" " "" | | ?# !""""""### "" """ " | | ?########### ## # " " | | ???????????##?## ## | | ???????????????## ## | | ????????????????## ######@ | | ??????????????????# #???#; | | ???????????????????# ???#;;" | | ????????????????????? ??##; "" """" | | ?????????????????????? ??#; ##### | | ?????????????????????????# ""##???? | | ????????????????????????## """##????? | | ????????????????????????# " """##?????? | | ????????????????????????#" ""#??????? | | ????????????????????????#"" ########? | | ????????????????????????#"" ## ## | | ????????????????????????#"" " | | ????????????????????????##""t | | ?????????????????????????#"" " | | ?????????????????????????## | | ??????????????????????????#" " | | ??????????????????????????#"""" ""## | | ??????????????????????????#"" ""#### | | ??????????????????????????#" """"##??# | | ??????????????????????????#""" """#??## | | ??????????????????????????## ""##??#! | | ???????????????????????????#"" """##???#" | | ???????????????????????????##""" ##????#" | | ????????????????????????????##"""" ##?????#! | | ?????????????????????????????### #??????## | +----------------------------------------------------+ Best States ------------- Heat Dissipation 25 Energy Generation 10 Energy Capacity 250 Matter Stores 321 Matter Capacity 500 Sight Range 16 Terrain Scan Density 10 Additional Mass Support 12 Armor Coverage 225 Evasion (%) 40 Recoil Reduction 2 Item Schematics ----------------- None Robot Schematics ------------------ None Fabricated ------------ Nothing Alien Tech Used ----------------- None Achievements -------------- None Challenges ------------ None Game ------ Seed InsulationUtilityAirjet Manual? 0 Play Time 00:26:56 Cumulative 232.8 hours Start 2020.10.16 @ 18:53:52 End 2020.10.16 @ 20:13:09 Sessions 3 Manual Loads 0 Difficulty Rogue Special Mode None Game No. 250 Rogue 250 Adventurer 0 Explorer 0 Win Type - Total 2 Types 2/0/0/0/0/0/0/0/0 Lore% 62 Gallery% 77 Achievement% 58 Wizard Run 0 Options --------- ASCII 0 Keyboard 0 Movement Numpad Keybinds 0 Fullscreen 2 Font 24/Terminus Map View 76x50 Tactical HUD 1 Map Filters NONE Filters NONE Steam 1 RUN: 9ad8a380-e5de-46d4-b517-9cd7fae6ee95